 Dungeon Crawl Stone Soup version 0.29-a0-1027-gcd8c55af63 (webtiles) character file.

Game seed: 10113917874720456704

196 RaspberryAmber the Chopper (level 5, 0/51 HPs)
             Began as a Naga Fighter on Aug 14, 2022.
             Slain by an adder (3 damage)
             ... on level 4 of the Dungeon.
             The game lasted 00:07:24 (3911 turns).

RaspberryAmber the Chopper (Naga Fighter)           Turns: 3911, Time: 00:07:25

Health: 0/51       AC:  5    Str: 19    XL:     5   Next: 74%
Magic:  5/5        EV:  7    Int:  8    God:
Gold:   107        SH:  4    Dex: 12    Spells: 4/4 levels left

rFire   . . .      SeeInvis +   a - +0 war axe
rCold   . . .      Faith    .   c - +0 buckler
rNeg    . . .      Spirit   .   b - +0 scale mail
rPois   +          Reflect  .   (no helmet)
rElec   .          Harm     .   (no cloak)
rCorr   .          Rampage  .   (no gloves)
Will    .....                   (no barding)
Stlth   ..........              (no amulet)
HPRegen 0.17/turn               (no ring)
MPRegen 0.09/turn               (no ring)

@: very slow
A: AC +1, large, see invisible, deformed body, poison resistance, slowness 2,
spit poison 1, naga tail 1
a: Spit Poison


You were on level 4 of the Dungeon.
You visited 1 branch of the dungeon, and saw 4 of its levels.

You collected 107 gold pieces.

Inventory:

Hand Weapons
 a - a +0 war axe (weapon)
Armour
 b - a +0 scale mail (worn)
 c - a +0 buckler (worn)
Jewellery
 j - a ring of wizardry
 r - an amulet of faith
Wands
 u - a wand of charming (2)
Scrolls
 e - a scroll of noise {unknown}
 f - 2 scrolls of identify {unknown}
 i - a scroll of brand weapon {unknown}
 m - 3 scrolls of amnesia {unknown}
 p - 2 scrolls of magic mapping {unknown}
Potions
 d - 2 potions of might
 g - 3 potions of heal wounds {unknown}
 h - 5 potions of curing {unknown}
 k - a potion of magic {unknown}
 l - 3 potions of mutation {unknown}
 n - a potion of berserk rage {unknown}
 o - 2 potions of attraction {unknown}
 q - a potion of cancellation {unknown}
 s - a potion of brilliance {unknown}
 t - a potion of degeneration {unknown}


   Skills:
 * Level 4.5 Fighting
 * Level 4.6 Axes
 - Level 2.4 Armour
 - Level 2.6 Shields


You had 4 spell levels left.
You didn't know any spells.
Your spell library contained the following spells:

 Spells                   Type           Power      Damage    Failure   Level
 Magic Dart               Conj           0%         1d3       86%         1
 Slow                     Hex            0%         N/A       86%         1
 Call Imp                 Summ           0%         N/A       94%         2
 Static Discharge         Conj/Air       0%         3-3/arc   94%         2
 Confusing Touch          Hex            0%         N/A       99%         3
 Mephitic Cloud           Conj/Pois/Air  0%         N/A       99%         3
 Vampiric Draining        Necr           0%         2d6       99%         3
 Dispel Undead            Necr           0%         3d6       100%        4
 Sticky Flame             Conj/Fire      0%         2d3       100%        4


Dungeon Overview and Level Annotations

Branches:
Dungeon (4/15)
 Temple: D:4-7

Altars:

Shops:
D:3 [


Innate Abilities, Weirdness & Mutations

Your serpentine skin is tough. (AC +1)
You have supernaturally acute eyesight. (SInv)
Armour fits poorly on your strangely shaped body.
Your system is resistant to poisons. (rPois)
You cover ground very slowly.
You can spit poison.
You have a snake-like lower body.


Message History

The adder attacks as you move away! The adder bites you but does no damage.
An ogre comes into view. It is wielding a +0 giant club.
The ogre shouts!
You hear a shout!
The hound bites you but does no damage. The hound barely misses you.
The gnoll hits you from afar with a +0 halberd!
* * * LOW HITPOINT WARNING * * *
The adder attacks as you move away! The adder bites you.
* * * LOW HITPOINT WARNING * * *
The hound bites you.
* * * LOW HITPOINT WARNING * * *
The hound bites you but does no damage. The gnoll barely misses you.
The hound barely misses you. The hound bites you.
* * * LOW HITPOINT WARNING * * *
You block the adder's attack. The hound bites you but does no damage.
You block the hound's attack. The jackal attacks as you move away!
The jackal completely misses you. The hound attacks as you move away!
The hound bites you.
* * * LOW HITPOINT WARNING * * *
A kobold comes into view. It is wielding a +0 dagger.
The kobold shouts!
The adder bites you.
* * * LOW HITPOINT WARNING * * *
The hound bites you.
* * * LOW HITPOINT WARNING * * *
The adder closely misses you. The hound bites you.
* * * LOW HITPOINT WARNING * * *
The adder attacks as you move away! You block the adder's attack.
The hound bites you.
* * * LOW HITPOINT WARNING * * *
The hound attacks as you move away! The hound bites you but does no damage.
The hound bites you.
* * * LOW HITPOINT WARNING * * *
The hound attacks as you move away! You block the hound's attack.
The adder bites you but does no damage. The adder attacks as you move away!
You block the adder's attack. x2
The adder completely misses you. The adder attacks as you move away!
You block the adder's attack. The adder bites you.
You die...

...#.......#.....S.g.....##
#..#$..... ##..5g.h........
#........# #....#.#........
.........# #...####h...#...
..##...5.####.5#hO.OK..#
.................#..##..#
###............h#..# ..#
###......!.?###hS#.## .#
..#.............@#.. .
.......................#..
..................##...#
#.................# # .#
#.......<.........#
#..................
#..................
##..................
...............#


You could see an ogre, a lemure, 2 hounds, an adder and a jackal.

Vanquished Creatures
  Natasha (thrice) (D:2)
  4 adders
  A worm (D:3)
  2 dart slugs
  An orc (D:3)
  10 ball pythons
  9 bats
  6 endoplasms
  2 giant cockroaches
  7 goblins
  6 hobgoblins
  6 jackals (D:2)
  12 kobolds
  A quokka (D:2)
  2 frilled lizards
  2 rats (D:3)
74 creatures vanquished.

Vanquished Creatures (others)
  3 plants
3 creatures vanquished.

Grand Total: 77 creatures vanquished

Notes
Turn   | Place    | Note
-------+----------+-------------------------------------------
     0 | D:1      | RaspberryAmber the Naga Fighter began the quest for the
                  | Orb.
     0 | D:1      | Reached XP level 1. HP: 21/21 MP: 1/1
   118 | D:1      | Reached XP level 2. HP: 20/28 MP: 2/2
   683 | D:1      | Found a faded altar of an unknown god.
   854 | D:1      | Reached XP level 3. HP: 36/36 MP: 3/3
  1830 | D:2      | Noticed Natasha
  1834 | D:2      | Killed Natasha
  1835 | D:2      | Reached XP level 4. HP: 36/44 MP: 4/4
  2330 | D:2      | Noticed Natasha
  2336 | D:2      | Killed Natasha
  2634 | D:2      | Reached XP level 5. HP: 44/50 MP: 5/5
  2872 | D:2      | Noticed Natasha
  2890 | D:2      | Killed Natasha
  3508 | D:3      | Found Esailor's Armour Shoppe.
  3891 | D:4      | Noticed a lemure
  3901 | D:4      | Noticed an ogre
  3907 | D:4      | HP: 2/51 [hound (1)]
  3911 | D:4      | Slain by an adder

Illustrated notes

Levels and vault maps discovered:
D:1:      dpeg_arrival_arbitrary_c, layout_loops_corners,
          shapermc_ecumenical_altar_mp_urbaneastern, minivault_14,
          bh_walls_and_bars
D:2:      layout_basic, uniq_natasha
D:3:      layout_rooms, serial_shops, shop, amcnicky_mini_rare_corridor_liquid
D:4:      layout_cave_pools, overflow_temple_1_default, gup_sewer_entry_spiral,
          serial_shops, nicolae_shop_overgrown_old_shop, uniq_blork_the_orc,
          uniq_pikel

Skill      XL: |  1  2  3  4  5 |
---------------+----------------+-----
Fighting       | 4 |  4.5
Axes           | 3 4 |  4.6
Armour         | |  2.4
Shields        | |  2.6

Action                   |  1- 3 |  4- 6 || total
-------------------------+-------+-------++-------
Melee: War axe           |    98 |   137 ||   235
Armor: Scale mail        |    69 |    86 ||   155
Dodge: Dodged            |    64 |    78 ||   142
Block: Buckler           |    26 |    61 ||    87

Table legend: (Time is in decaauts)
 A = Elapsed time spent in this place.
 B = Non-inter-level travel time spent in this place.
 C = Inter-level travel time spent in this place.
 D = Time resting spent in this place.
 E = Time spent auto-exploring this place.
 F = Levels seen in this place.
 G = Mean time per level.
                   A        B        C        D        E       F      G
               +--------+--------+--------+--------+--------+-----+--------+
         Total |   4933 |   4844 |     89 |      0 |   4022 |   4 | 1233.2 |
       Dungeon |   4933 |   4844 |     89 |      0 |   4022 |   4 | 1233.2 |
               +--------+--------+--------+--------+--------+-----+--------+

Top non-repeatable levels by time:
     D:2: 2280 daAuts
     D:1: 1886 daAuts
     D:3: 719 daAuts
     D:4: 46 daAuts
